 Dungeon Crawl Stone Soup version 0.19-a0-1855-gb7442ac (webtiles) character file.

14 KarmaPolice the Vandal (level 2, -1/19 HPs)
             Began as a Halfling Hunter on Oct 12, 2016.
             Killed from afar by Sigmund (3 damage)
             ... with a magic dart
             ... on level 2 of the Dungeon.
             The game lasted 00:01:42 (819 turns).

KarmaPolice the Vandal (Halfling Hunter)             Turns: 819, Time: 00:01:42

Health: -1/19      AC:  4    Str: 13    XL:     2   Next: 55%
Magic:  2/2        EV: 14    Int:  9    God:
Gold:   27         SH:  0    Dex: 14    Spells: 0 memorised, 1 level left

rFire  . . .     SeeInvis .     a - +1 hunting sling
rCold  . . .     Gourm    .     c - +0 leather armour
rNeg   . . .     Faith    .     (shield restricted)
rPois  .         Spirit   .     (no helmet)
rElec  .         Dismiss  .     (no cloak)
rCorr  .         Reflect  .     (no gloves)
MR     .....     Harm     .     j - +0 pair of boots (curse)
Stlth  +.........               (no amulet)
                                (no ring)
                                (no ring)

@: no status effects
A: mutation resistance 1
a: no special abilities


You were on level 2 of the Dungeon.
You were not hungry.

You visited 1 branch of the dungeon, and saw 2 of its levels.

You collected 27 gold pieces.

Inventory:

Hand Weapons
 a - a +1 hunting sling (weapon)
 b - a +0 short sword
Missiles
 d - 18 sling bullets (quivered)
 l - 18 stones
Armour
 c - a +0 leather armour (worn)
 j - a cursed +0 pair of boots (worn)
Scrolls
 e - 2 scrolls of noise {unknown}
 h - 2 scrolls of identify {unknown}
 i - 3 scrolls of teleportation {unknown}
 n - a scroll of remove curse {unknown}
Potions
 g - a potion of berserk rage {unknown}
 k - a potion of flight {unknown}
 m - a potion of heal wounds {unknown}
Comestibles
 f - a bread ration
 o - a fruit


   Skills:
 + Level 2.0 Fighting
 + Level 0.5 Short Blades
 + Level 6.2 Slings
 + Level 2.5 Dodging
 - Level 1.1 Stealth


You had one spell level left.
You didn't know any spells.

Dungeon Overview and Level Annotations

Branches:
Dungeon (2/15)

Altars:
Elyvilon

Annotations:
D:2 Sigmund


Innate Abilities, Weirdness & Mutations

You are small and have problems with some larger weapons.
You are somewhat resistant to further mutation.


Message History

Sigmund mumbles some strange words.
Sigmund flickers and vanishes!
Deactivating autopickup; reactivate with Ctrl-A.
Firing (i - inventory. (,) - cycle):
d - 18 sling bullets (quivered)
Press: ? - help, Shift-Dir - straight line, f - you Really target yourself?
Okay, then.
Something hits you.
You hear some strange, mumbled words.
Something tries to affect you, but you resist.
You are confused.
You bump into the tree.
You feel less confused.
A magic dart appears from out of thin air!
The magic dart hits you!
* * * LOW HITPOINT WARNING * * *
Something tries to affect you, but you resist.
A magic dart appears from out of thin air!
The magic dart hits you!
You die...

..........##.....#
..........#...###
.........)....### #####
..<.......##....###.....
.######.###.............
. #.#...#.........### .
....###....####...#.
..##### #...#.........
#.### ##...@.......#
...$ ###...###........
#..##≈≈...≈≈#######..
#..#≈..♣..≈##
##...........## ##
##.....♣._.♣...#
...#...#..........#
..$.....#≈..♣..≈#.#
..$##?..#≈≈...≈≈#...


There were no monsters in sight!

Vanquished Creatures
  A worm (D:2)
  2 ball pythons
  A goblin (D:1)
  2 bats (D:1)
  2 frilled lizards (D:1)
  4 kobolds
  2 rats (D:1)
14 creatures vanquished.

Notes
Turn   | Place    | Note
-------+----------+-------------------------------------------
     0 | D:1      | KarmaPolice the Halfling Hunter began the quest for the Orb.
     0 | D:1      | Reached XP level 1. HP: 14/14 MP: 1/1
   178 | D:1      | Reached skill level 6 in Slings
   260 | D:1      | Reached XP level 2. HP: 18/19 MP: 2/2
   643 | D:2      | Found a white marble altar of Elyvilon.
   790 | D:2      | Noticed Sigmund
   819 | D:2      | Killed from afar by Sigmund

Vault maps used:
D:1:      saegor_arrival_simple_e
D:2:      elyvilon_altar_4, uniq_sigmund

Skill      XL: |  1  2 |
---------------+-------+-----
Slings         | 6 |  6.2
Fighting       | 2 |  2.0
Short Blades   | |  0.5
Dodging        | |  2.5
Stealth        | |  1.1

Action                   || total
-------------------------++-------
Melee: Short sword       ||    36
 Fire: Hunting sling     ||     2
 Stab: Sleeping          ||     2
Armor: Leather armour    ||     2
Dodge: Dodged            ||    21
